 Dungeon Crawl Stone Soup version 0.27.0-1-g7a089689b8 (webtiles) character file.

Game seed: 18029810885170965225

290 Leibowitz the Chopper (level 6, 0/52 (55) HPs)
             Began as a Minotaur Fighter on Aug 11, 2021.
             Was an Initiate of Okawaru.
             Slain by a wight (6 damage)
             ... on level 3 of the Dungeon.
             The game lasted 00:04:55 (3260 turns).

Leibowitz the Chopper (Minotaur Fighter)            Turns: 3260, Time: 00:04:56

HP:   0/52 (55)     AC:  9    Str: 23    XL:     6   Next: 9%
MP:   5/5           EV:  8    Int:  5    God:    Okawaru [......]
Gold: 219           SH:  0    Dex:  9    Spells: 5/5 levels left

rFire    . . .     SeeInvis .   a - +0 war axe
rCold    + . .     Faith    .   (no shield)
rNeg     . . .     Spirit   .   e - +0 chain mail
rPois    .         Reflect  .   (helmet restricted)
rElec    .         Harm     .   (no cloak)
rCorr    .         Rampage  .   (no gloves)
Will     .....                  (no boots)
Stlth    ..........             g - amulet of the acrobat
HPRegen  0.17/turn              i - ring of protection from cold
MPRegen  0.09/turn              (no ring)

@: drained
A: horns 2, retaliatory headbutt
a: Renounce Religion


You were on level 3 of the Dungeon.
You worshipped Okawaru.
Okawaru was noncommittal.
You visited 2 branches of the dungeon, and saw 5 of its levels.

You collected 219 gold pieces.

Inventory:

Hand Weapons
 a - a +0 war axe (weapon)
 n - a +1 trident of venom
 r - the +7 mace of the Puffin {vorpal, rPois rF++ Stlth+}
   (You found it on level 4 of the Dungeon)

   It inflicts extra damage upon your enemies.
   rF:        It greatly protects you from fire.
   rPois:     It protects you from poison.
   Stlth:     It makes you more stealthy.
Missiles
 b - 10 poisoned darts (quivered)
Armour
 e - a +0 chain mail (worn)
Jewellery
 g - an amulet of the acrobat (around neck)
 i - a ring of protection from cold (left hand)
Scrolls
 c - 3 scrolls of identify {unknown}
 f - 2 scrolls of blinking {unknown}
 j - a scroll of teleportation {unknown}
 o - 2 scrolls of amnesia {unknown}
 p - a scroll of fear {unknown}
 q - a scroll of enchant weapon {unknown}
Potions
 d - a potion of might
 h - 3 potions of lignification {unknown}
 k - a potion of mutation {unknown}
 l - a potion of degeneration {unknown}
 m - 2 potions of resistance {unknown}


   Skills:
 * Level 4.8 Fighting
 * Level 5.4 Axes
 * Level 5.2 Armour
 * Level 1.8 Dodging
 - Level 3.6 Shields


You had 5 spell levels left.
You didn't know any spells.
Your spell library contained the following spells:

 Spells                   Type           Power      Damage    Failure   Level
 Corona                   Hex            0%         N/A       98%         1
 Ensorcelled Hibernation  Hex/Ice        0%         N/A       99%         2
 Slow                     Hex            0%         N/A       99%         2
 Confusing Touch          Hex            0%         N/A       100%        3
 Gell's Gravitas          Tloc           0%         N/A       100%        3
 Lesser Beckoning         Tloc           0%         N/A       100%        3
 Teleport Other           Tloc           0%         N/A       100%        3
 Tukima's Dance           Hex            0%         N/A       100%        3
 Vampiric Draining        Necr           0%         2d6       100%        3


Dungeon Overview and Level Annotations

Branches:
Dungeon (4/15)             Temple (1/1) D:4

Altars:
Ashenzari
Cheibriados
Elyvilon
Fedhas
Hepliaklqana
Kikubaaqudgha
Makhleb
Okawaru
Qazlal
Xom

Annotations:
D:3 2 transporters
D:4 2 transporters, gouglew's ghost, amateur SpVM


Innate Abilities, Weirdness & Mutations

You have a pair of horns on your head.
You reflexively headbutt those who attack you in melee.


Message History

You have reached level 6!
Your experience leads to an increase in your attributes!
Increase (S)trength, (I)ntelligence, or (D)exterity?
You feel stronger.
A wight comes into view. It is wielding a +0 short sword.
Things that are here:
a +3 hand axe; a +1 robe of willpower A wight is nearby!
There is an escape hatch in the ceiling here.
A mysterious force pulls you upwards. The hatch slams shut behind you.
Level annotation: 2 transporters HP restored.
Partly explored, unvisited transporter.
You see here a +0 dagger.
There is a stone staircase leading down here.
You climb downwards.
Level annotation: 2 transporters, gouglew's ghost, amateur SpVM 3 wights come into view.
A wight is wielding a +3 war axe of freezing.
The wight hits you with a +0 halberd!
You feel drained.
The wight hits you with a +3 war axe of freezing.
The wight freezes you.
There is a stone staircase leading up, spattered with blood here.
The wight hits you with a +0 halberd! The wight hits you but does no damage.
The wight hits you with a +0 great sword!
* * * LOW HITPOINT WARNING * * *
You climb upwards.
Level annotation: 2 transporters
There is a stone staircase leading down here.
You hit the wight but do no damage. You barely miss the wight.
The wight barely misses you.
The wight hits you with a +3 war axe of freezing.
* * * LOW HITPOINT WARNING * * *
The wight closely misses you. x2
The wight hits you with a +3 war axe of freezing.
* * * LOW HITPOINT WARNING * * *
You feel drained. The wight freezes you.
* * * LOW HITPOINT WARNING * * *
The wight hits you with a +0 great sword.
You die...

#.............# ##..####.#
..##....#.###.####........#
..##..#.#..##.....<.####†##
..#...#..#...............#
..................########
..#.#..(......#...##
..#....#......###..####
....##.#.##...####....#
....##........zz@z.##.##
....###.#..#.#####.##..###
....# #......## #.......#
.#..# ###..#..########.#.#
....#####.##....## #...##
..#.##....##.##..## ###..#
..#.##.##.##.###..# ####
..#..#.##.##......#
.###...##.#########


You could see 3 wights.

Vanquished Creatures
  A necrophage (D:4)
  A wight (D:4)
  An iguana (D:4)
  A hound skeleton (D:4)
  6 adders
  A dart slug (D:1)
  3 orcs (D:4)
  A bat (D:1)
  7 endoplasms
  5 giant cockroaches
  5 goblins
  6 hobgoblins
  7 jackals
  2 kobolds
  2 quokkas
  6 ball pythons
  6 frilled lizards
  A rat (D:1)
62 creatures vanquished.

Notes
Turn   | Place    | Note
-------+----------+-------------------------------------------
     0 | D:1      | Leibowitz the Minotaur Fighter began the quest for the Orb.
     0 | D:1      | Reached XP level 1. HP: 19/19 MP: 0/0
   517 | D:1      | Reached XP level 2. HP: 27/27 MP: 1/1
  1228 | D:2      | Reached XP level 3. HP: 22/33 MP: 2/2
  1474 | D:2      | Reached skill level 1 in Dodging
  1614 | D:2      | Found a faded altar of an unknown god.
  1896 | D:3      | Found a transporter.
  1910 | D:3      | Found a transporter.
  2036 | D:3      | Reached XP level 4. HP: 37/40 MP: 3/3
  2356 | D:4      | Found a staircase to the Ecumenical Temple.
  2361 | D:4      | Noticed a necrophage
  2373 | D:4      | Killed a necrophage
  2374 | D:4      | Reached XP level 5. HP: 33/47 MP: 4/4
  2375 | Temple   | Entered the Ecumenical Temple
  2409 | Temple   | Became a worshipper of Warmaster Okawaru
  2679 | D:4      | Reached skill level 5 in Axes
  2684 | D:4      | Reached skill level 5 in Armour
  2891 | D:4      | Noticed a phantom
  2892 | D:4      | Noticed gouglew's ghost (amateur SpVM)
  2898 | D:4      | Found a transporter.
  2996 | D:4      | Identified the +7 mace of the Puffin {vorpal, rPois rF++
                  | Stlth+}
  3023 | D:4      | Found a transporter.
  3156 | D:4      | Reached XP level 6. HP: 39/55 MP: 5/5
  3260 | D:3      | Slain by a wight

Illustrated notes

Levels and vault maps discovered:
D:1:      dpeg_arrival_lava_temple_mockup, layout_basic
D:2:      layout_rooms, chequers_ecumenical_altar_simple_redux,
          minmay_tromino_v7
D:3:      gammafunk_wand_slinger, layout_rooms
D:4:      layout_loops_ring, gammafunk_ghost_arena, serial_bayou_crossing
Temple:   compressed_dpeg_circular_temple

Skill      XL: |  1  2  3  4  5 |
---------------+----------------+-----
Armour         | 4 5 |  5.2
Fighting       | 4 |  4.8
Axes           | 3 4 5 |  5.4
Dodging        | 1 |  1.8
Shields        | |  3.6

Action                   |  1- 3 |  4- 6 || total
-------------------------+-------+-------++-------
Melee: War axe           |    70 |    68 ||   138
       Headbutt          |     8 |    13 ||    21
Armor: Scale mail        |     8 |       ||     8
       Chain mail        |    23 |    33 ||    56
Dodge: Dodged            |    36 |    40 ||    76
